 Dungeon Crawl Stone Soup version 0.26.0-20-g3ca415f5b8 (webtiles) character file.

Game seed: 5192932149693079200

7490 kaeus the Protected (level 10, -10/93 HPs)
             Began as a Minotaur Abyssal Knight on Jan 26, 2021.
             Was an Elder of Lugonu.
             Killed from afar by Erica (24 damage)
             ... with a lance of force
             ... on level 8 of the Dungeon.
             The game lasted 00:09:22 (9840 turns).

kaeus the Protected (Minotaur Abyssal Knight)       Turns: 9840, Time: 00:09:22

Health: -10/93     AC: 19    Str: 20    XL:     10   Next: 95%
Magic:  14/14      EV: 11    Int:  9    God:    Lugonu [****..]
Gold:   394        SH:  0    Dex: 10    Spells: 9/9 levels left

rFire    . . .     SeeInvis .   D - +2 hand axe (vamp)
rCold    . . .     Faith    .   (no shield)
rNeg     + . .     Spirit   .   u - +5 chain mail {rN+}
rPois    .         Reflect  .   (helmet restricted)
rElec    .         Harm     .   (no cloak)
rCorr    +         Rampage  .   n - +0 pair of gloves
Will     .....                  r - +0 pair of boots
Stlth    ..........             C - amulet of the acrobat
HPRegen  0.25/turn              l - ring of resist corrosion
MPRegen  0.14/turn              b - ring of stealth

@: slowed, studying Fighting, very slow
A: retaliatory headbutt, horns 2
a: Renounce Religion, Depart the Abyss, Bend Space, Banish, Corrupt


You were on level 8 of the Dungeon.
You worshipped Lugonu.
Lugonu was greatly pleased with you.
You visited 1 branch of the dungeon, and saw 8 of its levels.
You visited the Abyss 1 time.
You also visited: Bailey.

You collected 394 gold pieces.

Inventory:

Hand Weapons
 e - a +2 hand axe of flaming
 D - a +2 vampiric hand axe (weapon)
Armour
 n - a +0 pair of gloves (worn)
 r - a +0 pair of boots (worn)
 u - a +5 chain mail of positive energy (worn)
Jewellery
 b - a ring of stealth (right hand)
 l - a ring of resist corrosion (left hand)
 C - an amulet of the acrobat (around neck)
Wands
 s - a wand of paralysis (11)
 y - a wand of iceblast (4)
Scrolls
 d - 4 scrolls of teleportation
 g - a scroll of immolation
 h - a scroll of blinking
 j - 3 scrolls of enchant weapon {unknown}
 k - 3 scrolls of identify
 o - 6 scrolls of remove curse
 t - a scroll of fog
 w - a scroll of fear {unknown}
 z - a scroll of amnesia
 A - a scroll of random uselessness {unknown}
Potions
 a - 2 potions of curing
 f - 2 potions of cancellation {unknown}
 i - 4 potions of lignification
 m - a potion of invisibility {unknown}
 p - a potion of magic {unknown}
 v - 3 potions of haste {unknown}
 x - a potion of might
 B - a potion of flight {unknown}
 F - a potion of brilliance {unknown}
Books
 c - a manual of Fighting
 q - a manual of Fighting


   Skills:
 + Level 9.9 Fighting
 + Level 9.6 Axes
 + Level 10.7 Armour
 + Level 8.4 Dodging
 + Level 7.8 Invocations


You had 9 spell levels left.
You didn't know any spells.
Your spell library contained the following spells:

 Spells                   Type           Power        Failure   Level
 Sting                    Tmut/Pois      0%           95%         1
 Poisonous Vapours        Pois/Air       0%           99%         2
 Ignite Poison            Fire/Tmut/Pois 0%           100%        3
 Mephitic Cloud           Conj/Pois/Air  0%           100%        3
 Olgreb's Toxic Radiance  Pois           0%           100%        4


Dungeon Overview and Level Annotations

Branches:
Dungeon (8/15)             Temple (0/1) D:7          Bailey (visited)
   Lair: D:8-11

Altars:
Dithmenos
Okawaru
Qazlal
Ru
Uskayaw
Xom
Yredelemnul
The Shining One

Shops:
D:6 *

Annotations:
D:8 Erica


Innate Abilities, Weirdness & Mutations

You reflexively headbutt those who attack you in melee.
You have a pair of horns on your head.


Message History

You hit something.
You feel better. Something hits you but does no damage.
You regained 2 hp, and now have 18/93 hp.
You hit something.
You feel better.
Your headbutt misses something. Something hits you but does no damage.
You regained 3 hp, and now have 21/93 hp.
You miss something.
You hear some strange, mumbled words.
Something tries to affect you, but you resist.
Your chain mail prevents you from hitting something.
You hear some strange, mumbled words.
A bolt of poison appears from out of thin air!
The bolt of poison hits you!
You are poisoned.
* * * LOW HITPOINT WARNING * * *
You take 13 damage, and have 8/93 hp.
You feel better. Something hits you but does no damage.
You hear some strange, mumbled words.
A lance of force appears from out of thin air!
The lance of force hits you!!
You die...

#.####.##.....# #
#.#.........#.#.#
....##......#.#.#
#.####.###......#
#......# ####.###
######## #.##
#.#.######
#.###.....####
#.# ##@.......
... #.{.#...♣.
.## #.......♣.♣ .
..##....♣.♣. ...
#...♣.♣.♣ #..
...♣.♣._. ...
##..♣.♣.♣ .#. ..
♣.♣.


There were no monsters in sight!

Vanquished Creatures
  Grinder (D:4)
  Menkaure (D:4)
  Edmund (D:4)
  3 ogres
  12 orc warriors
  9 centaurs
  A big kobold (D:7)
  Blork the orc (D:6)
  2 bullfrogs (D:6)
  3 scorpions
  10 wights (D:6)
  2 howler monkeys
  A bullfrog zombie (D:5)
  5 hounds
  A bullfrog skeleton (D:4)
  5 orc priests
  2 centaur skeletons
  An iguana (D:6)
  3 orc wizards
  8 worker ants
  A hound skeleton (D:8)
  2 worker ant zombies (D:6)
  2 gnolls (D:3)
  A howler monkey skeleton (D:6)
  9 adders
  2 white imps
  3 adder skeletons (D:4)
  An adder zombie (D:8)
  2 worms
  A dart slug (D:4)
  3 leopard geckos
  43 orcs
  6 bats (D:3)
  3 giant cockroaches
  7 goblins
  4 hobgoblins
  2 jackals (D:3)
  18 kobolds
  2 quokkas
  4 frilled lizards
  A jackal skeleton (D:4)
  A leopard gecko skeleton (D:4)
  A quokka skeleton (D:4)
  A quokka zombie (D:7)
  6 rats
198 creatures vanquished.

Vanquished Creatures (others)
  An orc (D:8)
1 creature vanquished.

Grand Total: 199 creatures vanquished

Notes
Turn   | Place    | Note
-------+----------+-------------------------------------------
     0 | Abyss:1  | kaeus the Minotaur Abyssal Knight began the quest for the
                  | Orb.
     0 | Abyss:1  | Reached XP level 1. HP: 19/19 MP: 1/1
    45 | Abyss:1  | Noticed a small abomination
    50 | Abyss:1  | Noticed a worldbinder
    51 | Abyss:1  | Noticed an orc priest
    51 | Abyss:1  | Noticed a warg
    52 | Abyss:1  | Noticed a troll
    52 | Abyss:1  | Noticed a warg
    52 | Abyss:1  | Noticed a troll
    57 | D:1      | Escaped the Abyss
   783 | D:1      | Reached XP level 2. HP: 24/27 MP: 2/2
  1992 | D:2      | Reached * piety under Lugonu
  2022 | D:2      | Found a basalt altar of Yredelemnul.
  2025 | D:2      | Found a hide-covered altar of Uskayaw.
  2028 | D:2      | Found a sacrificial altar of Ru.
  2031 | D:2      | Found a shimmering altar of Xom.
  2213 | D:2      | Reached XP level 3. HP: 29/33 MP: 3/3
  2330 | D:2      | Reached skill level 3 in Armour
  3142 | D:3      | Reached XP level 4. HP: 27/40 MP: 4/4
  3386 | D:3      | Found a faded altar of an unknown god.
  3465 | D:3      | Reached ** piety under Lugonu
  3466 | D:3      | Reached XP level 5. HP: 32/47 MP: 6/6
  3818 | D:3      | Noticed an ogre
  3833 | D:3      | Killed an ogre
  3834 | D:3      | Reached skill level 4 in Armour
  4020 | D:3      | Reached XP level 6. HP: 55/55 MP: 7/7
  4295 | D:4      | Noticed Menkaure
  4301 | D:4      | Killed Menkaure
  4302 | D:4      | Reached skill level 5 in Fighting
  4342 | D:4      | Noticed Edmund
  4374 | D:4      | Killed Edmund
  4698 | D:4      | Reached XP level 7. HP: 49/61 MP: 8/8
  4886 | D:4      | Noticed Grinder
  4901 | D:4      | Killed Grinder
  4902 | D:4      | Reached skill level 5 in Axes
  4902 | D:4      | Reached skill level 5 in Armour
  4979 | D:4      | Found a shadowy altar of Dithmenos.
  5050 | D:4      | Reached XP level 8. HP: 70/70 MP: 10/10
  5191 | D:5      | Entered Level 5 of the Dungeon
  5600 | D:5      | Found a glowing golden altar of the Shining One.
  5835 | D:6      | Reached skill level 6 in Armour
  5835 | D:6      | Reached skill level 5 in Dodging
  5850 | D:6      | Reached *** piety under Lugonu
  5855 | D:6      | Reached skill level 5 in Invocations
  6047 | D:6      | Noticed Blork the orc
  6063 | D:6      | Killed Blork the orc
  6454 | D:6      | Reached XP level 9. HP: 44/77 MP: 12/12
  6889 | D:6      | Reached skill level 7 in Armour
  7096 | D:6      | Found Geezxipo's General Store.
  7124 | D:6      | Found a stormy altar of Qazlal.
  7549 | D:7      | Found a flagged portal.
  7556 | D:7      | Reached **** piety under Lugonu
  7576 | Bailey   | Entered a bailey
  8353 | Bailey   | Reached skill level 10 in Armour
  8353 | Bailey   | Reached XP level 10. HP: 19/91 MP: 12/14
  9480 | D:7      | Found a staircase to the Ecumenical Temple.
  9801 | D:8      | Found an iron altar of Okawaru.
  9802 | D:8      | Noticed Erica
  9840 | D:8      | Killed from afar by Erica

Illustrated notes

Levels and vault maps discovered:
D:1:      minmay_arrival_solitary_statue, layout_basic, minmay_misc_feat_columns
D:2:      layout_basic, grunt_temple_overflow_cloverleaf, solitary_fountain,
          kennysheep_generic_room_3
D:3:      layout_basic, chequers_ecumenical_altar_simple
D:4:      layout_rooms, grunt_dithmenos_smoke, uniq_menkaure, uniq_grinder,
          uniq_edmund
D:5:      layout_basic, tso_altar
D:6:      layout_layer_cave, serial_shops, shop,
          nicolae_qazlal_eye_of_the_storm, uniq_blork_the_orc
D:7:      layout_cave_pools, minmay_temple_entry_tees, enter_bailey_5
D:8:      layout_loops_cross, okawaru_trees_2, uniq_harold, uniq_erica,
          uniq_pikel

Skill      XL: |  1  2  3  4  5  6  7  8  9 |
---------------+----------------------------+-----
Invocations    | 2 3 4 5 7 |  7.8
Fighting       | 4 5 6 7 9 |  9.9
Armour         | 3 4 5 6 10 | 10.7
Axes           | 3 4 5 6 9 |  9.6
Dodging        | 2 3 4 5 8 |  8.4

Action                   |  1- 3 |  4- 6 |  7- 9 | 10-12 || total
-------------------------+-------+-------+-------+-------++-------
Melee: Hand axe          |    67 |   121 |   335 |   133 ||   656
       Headbutt          |     6 |    19 |    60 |    30 ||   115
Invok: Depart the Abyss  |     1 |       |       |       ||     1
  Use: Potion            |       |     1 |     3 |     5 ||     9
       Scroll            |       |       |     8 |       ||     8
Armor: Leather armour    |    11 |       |       |       ||    11
       Chain mail        |    10 |    66 |   206 |    66 ||   348
       Skin              |       |       |     5 |    36 ||    41
Dodge: Dodged            |    40 |    42 |   310 |   116 ||   508
